 Seeded DCSS version 0.28.0-53-g5a82cb258f (webtiles) character file.

Game seed: 123456789 (custom seed)

5111 Kazon the Basher (level 10, -2/85 HPs)
             Began as a Palentonga Fighter on July 21, 2022.
             Was a Follower of Makhleb.
             Slain by a two-headed ogre
             ... wielding a +0 giant spiked club
              (16 damage)
             ... on level 7 of the Dungeon.
             The game lasted 00:30:09 (5493 turns).

Kazon the Basher (Palentonga Fighter)               Turns: 5493, Time: 00:30:12

Health: -2/85      AC: 21    Str: 22    XL:     10   Next: 32%
Magic:  13/13      EV:  8    Int:  9    God:    Makhleb [*.....]
Gold:   166        SH:  5    Dex: 17    Spells: 9/9 levels left

rFire   . . .      SeeInvis +   q - +8 mace "Nihoonn" {freeze, rC+ Dex+6}
rCold   + . .      Faith    .   c - +0 buckler
rNeg    . . .      Spirit   .   H - +0 swamp dragon scales
rPois   +          Reflect  .   (helmet restricted)
rElec   .          Harm     .   n - +0 cloak
rCorr   .          Rampage  .   l - +0 pair of gloves
Will    ++...                   D - +0 barding
Stlth   ++........              (no amulet)
HPRegen 0.24/turn               s - ring of willpower
MPRegen 0.13/turn               (no ring)

@: curled up
A: large, rugged brown scales 3, see invisible, deformed body, roll 1, armoured
tail, reflexive curl, antennae 1, strong-willed 1
a: Rolling Charge, Renounce Religion


You were on level 7 of the Dungeon.
You worshipped Makhleb.
Makhleb was aware of your devotion.
You visited 1 branch of the dungeon, and saw 7 of its levels.
You also visited: Sewer.

You collected 221 gold pieces.
You spent 55 gold pieces at shops.

Inventory:

Hand Weapons
 a - a +0 flail
 o - a +2 dagger of venom
 q - the +8 mace "Nihoonn" (weapon) {freeze, rC+ Dex+6}
   (You found it on level 2 of the Dungeon)

   It freezes those it strikes, dealing additional cold damage.
   It can also slow down cold-blooded creatures.
   Dex:       It affects your dexterity (+6).
   rC:        It protects you from cold.
 v - a +1 mace of venom
 G - a +2 war axe of flaming
Missiles
 f - 26 stones (quivered)
 j - 5 boomerangs
 u - a curare-tipped dart
 w - 18 poisoned darts
Armour
 c - a +0 buckler (worn)
 l - a +0 pair of gloves (worn)
 n - a +0 cloak (worn)
 D - a +0 barding (worn)
 H - +0 swamp dragon scales (worn)
Jewellery
 s - a ring of willpower (left hand)
Wands
 g - a wand of iceblast (10)
 E - a wand of acid (8)
 F - a wand of flame (22)
Scrolls
 h - a scroll of noise {unknown}
 i - 2 scrolls of magic mapping {unknown}
 k - a scroll of fear {unknown}
 p - 2 scrolls of teleportation
 y - a scroll of torment {unknown}
 A - 2 scrolls of fog
Potions
 b - a potion of mutation
 d - a potion of might
 e - 2 potions of haste
 m - 2 potions of degeneration {unknown}
 r - a potion of magic {unknown}
 t - 6 potions of curing
 x - a potion of heal wounds
 z - 2 potions of flight
 B - 2 potions of resistance {unknown}
 C - a potion of lignification {unknown}


   Skills:
 * Level 8.1 Fighting
 + Level 3.9 Short Blades
 + Level 9.1 Maces & Flails
 + Level 0.7 Throwing
 + Level 3.0 Armour
 + Level 3.5 Dodging
 + Level 2.1 Stealth
 + Level 3.9 Shields
 * Level 4.1 Invocations
 * Level 3.4 Evocations


You had 9 spell levels left.
You didn't know any spells.
Your spell library contained the following spells:

 Spells                   Type           Power      Damage    Failure   Level
 Animate Skeleton         Necr           0%         N/A       61%         1
 Beastly Appendage        Tmut           0%         N/A       61%         1
 Magic Dart               Conj           0%         1d3       61%         1
 Pain                     Necr           0%         1d4       61%         1
 Blink                    Tloc           0%         N/A       75%         2
 Call Imp                 Summ           0%         N/A       75%         2
 Ensorcelled Hibernation  Hex/Ice        0%         N/A       75%         2
 Passwall                 Tmut/Erth      0%         N/A       75%         2
 Wereblood                Tmut           0%         N/A       75%         2
 Lesser Beckoning         Tloc           0%         N/A       93%         3
 Mephitic Cloud           Conj/Pois/Air  0%         N/A       93%         3
 Spider Form              Tmut/Pois      0%         N/A       93%         3
 Summon Guardian Golem    Hex/Summ       0%         N/A       93%         3
 Swiftness                Air            0%         N/A       93%         3
 Tukima's Dance           Hex            0%         N/A       93%         3
 Vampiric Draining        Necr           0%         2d6       93%         3
 Anguish                  Hex/Necr       0%         N/A       100%        4
 Manifold Assault         Tloc           0%         N/A       100%        5
 Enfeeble                 Hex            0%         N/A       100%        7
 Orb of Destruction       Conj           0%         9d5       100%        7
 Spellforged Servitor     Conj/Summ      0%         N/A       100%        7


Dungeon Overview and Level Annotations

Branches:
Dungeon (7/15)             Temple (0/1) D:6           Sewer (visited)

Altars:
Makhleb

Shops:
D:6 ?


Innate Abilities, Weirdness & Mutations

You are completely covered in rugged brown scales. (AC +3, +7% HP)
You have supernaturally acute eyesight. (SInv)
Armour fits poorly on your strangely shaped body.
You can roll at nearby foes to attack.
You have a long armoured tail.
You curl defensively after being hit. (AC +7*)
You have a pair of small antennae on your head.
You are strong-willed. (Will+)


Message History

The ogre is severely wounded.
You barely miss the ogre.
The ogre is severely wounded.
The ogre closely misses you.
You sock the ogre! You freeze the ogre.
You kill the ogre!
Makhleb accepts your kill.
A two-headed ogre comes into view.
It is wielding a +0 giant spiked club and a +0 giant club.
Things that are here:
a +0 giant club; an ogre corpse Roll where?
Press: ? - help, Dir - move target, f - two-headed ogre
Aim: a two-headed ogre, wielding a +0 giant spiked club and a +0 giant club (wandering, hasn't noticed you)
You roll forward with a clatter of scales!
Found a book of Pain.
The two-headed ogre shouts in stereo!
You barely miss the two-headed ogre.
You tail-slap the two-headed ogre, but do no damage.
You hear a howl!
The two-headed ogre barely misses you.
The two-headed ogre hits you with a +0 giant club!
You sock the two-headed ogre! You freeze the two-headed ogre.
The two-headed ogre is lightly wounded.
The two-headed ogre hits you with a +0 giant spiked club!!
The two-headed ogre hits you with a +0 giant club.
You barely miss the two-headed ogre.
The two-headed ogre is lightly wounded.
You sock the two-headed ogre! You freeze the two-headed ogre.
The two-headed ogre is heavily wounded.
A centaur comes into view.
The two-headed ogre hits you with a +0 giant spiked club!!
* * * LOW HITPOINT WARNING * * *
You block the two-headed ogre's attack.
You thump the two-headed ogre! You freeze the two-headed ogre.
You tail-slap the two-headed ogre, but do no damage.
The two-headed ogre is severely wounded.
You hear a howl!
A howler monkey comes into view.
The two-headed ogre hits you with a +0 giant spiked club!
You die...

. . .≈ ≈. .≈ ♣.
.♣ ♣: =♣ ###.###
### ♣♣♣..hcO♣♣♣
♣.♣
#♣♣♣..##+##@.♣
♣.♣ #.♣.♣.# {
#)♣.♣ ♣.♣
#♣.♣♣.#####.♣ .♣
♣♣.♣♣
♣♣♣♣♣.....♣♣ ♣
♣...♣########'###
.....#.....#...#
.PPP.♣.♣♣♣.♣...♣
.P≈P...♣ ♣.'<8>+
^PPP.♣)♣♣♣.♣...♣


You could see a two-headed ogre, a centaur and a howler monkey.

Vanquished Creatures
  Maggie (D:6)
  A troll (D:5)
  Sigmund (D:2)
  A shadow (D:7)
  6 yaks (D:5)
  Eustachio (D:5)
  A steam dragon (D:4)
  Menkaure (D:5)
  2 water moccasins (D:5)
  Edmund (D:6)
  Duvessa (D:5)
  An ice beast (D:7)
  A black bear (D:6)
  An orc warrior (D:6)
  2 necrophages
  2 centaurs
  3 ogres
  2 phantoms
  4 kobold brigands
  A bullfrog (D:7)
  Dowan (D:5)
  5 wights (D:6)
  6 hounds
  3 jellies (D:6)
  6 orc priests
  Crazy Yiuf (D:2)
  2 centaur skeletons (D:6)
  Ijyb (D:3)
  An iguana (D:6)
  5 orc wizards
  2 hound skeletons
  Robin (D:2)
  A howler monkey zombie (D:5)
  A howler monkey skeleton (D:5)
  10 adders
  3 river rats (Sewer)
  2 shadow imps
  2 ufetubi
  4 worms
  3 dart slugs
  11 orcs
  6 bats
  5 endoplasms
  4 giant cockroaches
  15 goblins
  10 hobgoblins
  7 jackals
  15 kobolds
  6 quokkas
  4 ball pythons
  4 frilled lizards
  8 rats
189 creatures vanquished.

Vanquished Creatures (others)
  9 fungi (D:5)
  4 plants (D:6)
  6 toadstools (D:5)
19 creatures vanquished.

Grand Total: 208 creatures vanquished

Notes
Turn   | Place    | Note
-------+----------+-------------------------------------------
     0 | D:1      | Kazon the Palentonga Fighter began the quest for the Orb.
     0 | D:1      | Reached XP level 1. HP: 19/19 MP: 1/1
   105 | D:1      | Found a faded altar of an unknown god.
   126 | D:1      | Reached XP level 2. HP: 14/25 MP: 2/2
   680 | D:1      | Reached XP level 3. HP: 31/31 MP: 3/3
   822 | D:2      | Identified the +2 robe of the Fletcher {Int+7}
   866 | D:2      | Noticed Robin
   905 | D:2      | Killed Robin
   936 | D:2      | HP: 1/31 [ball python (3)]
  1273 | D:2      | Reached XP level 4. HP: 37/37 MP: 4/4
  1382 | D:2      | Identified the +8 mace "Nihoonn" {freeze, rC+ Dex+6}
  1394 | D:2      | Found a runed translucent door.
  1395 | D:2      | Noticed Crazy Yiuf
  1404 | D:2      | Killed Crazy Yiuf
  1405 | D:2      | Reached skill level 3 in Maces & Flails
  1724 | D:2      | Noticed Sigmund
  1728 | D:2      | Killed Sigmund
  1729 | D:2      | Reached skill level 4 in Maces & Flails
  1729 | D:2      | Reached skill level 1 in Dodging
  1729 | D:2      | Reached XP level 5. HP: 25/44 MP: 5/5
  1729 | D:2      | Reached XP level 6. HP: 30/51 MP: 6/6
  2205 | D:3      | Reached skill level 1 in Stealth
  2218 | D:3      | Reached skill level 5 in Maces & Flails
  2301 | D:3      | Noticed Ijyb
  2306 | D:3      | Killed Ijyb
  2627 | D:4      | Gained mutation: You curl defensively after being hit. (AC
                  | +7*) [Palentonga growth]
  2627 | D:4      | Reached XP level 7. HP: 57/58 MP: 7/7
  2644 | D:4      | Found a glowing drain.
  2674 | Sewer    | Entered a sewer
  2865 | Sewer    | Found a white marble altar of Elyvilon.
  2961 | D:4      | Reached skill level 6 in Maces & Flails
  3086 | D:4      | Noticed a steam dragon
  3089 | D:4      | Killed a steam dragon
  3090 | D:4      | Reached skill level 5 in Fighting
  3180 | D:4      | Reached XP level 8. HP: 66/66 MP: 8/8
  3272 | D:4      | Reached skill level 7 in Maces & Flails
  3317 | D:5      | Entered Level 5 of the Dungeon
  3403 | D:5      | Found a burning altar of Makhleb.
  3403 | D:5      | Noticed a blizzard demon
  3406 | D:5      | Noticed a hellwing
  3408 | D:5      | Became a worshipper of Makhleb the Destroyer
  3458 | D:5      | Noticed Duvessa
  3468 | D:5      | Killed Duvessa
  3470 | D:5      | Noticed Dowan
  3478 | D:5      | Killed Dowan
  3501 | D:5      | Noticed Menkaure
  3504 | D:5      | Killed Menkaure
  3505 | D:5      | Reached skill level 1 in Invocations
  3514 | D:5      | Noticed a troll
  3518 | D:5      | Reached skill level 1 in Short Blades
  3522 | D:5      | Killed a troll
  3523 | D:5      | Reached skill level 1 in Evocations
  3529 | D:5      | Noticed Eustachio
  3554 | D:5      | Killed Eustachio
  3573 | D:5      | Reached XP level 9. HP: 42/73 MP: 10/10
  3834 | D:5      | Gained mutation: You are strong-willed. (Will+) [potion of
                  | mutation]
  3834 | D:5      | Gained mutation: You have a pair of small antennae on your
                  | head. [potion of mutation]
  3885 | D:5      | Reached skill level 8 in Maces & Flails
  4778 | D:6      | Noticed Edmund
  4781 | D:6      | Killed Edmund
  4874 | D:6      | Found Cituep's Magic Scroll Emporium.
  4885 | D:6      | Bought a scroll of teleportation for 33 gold pieces
  4885 | D:6      | Bought a scroll of fog for 22 gold pieces
  4910 | D:6      | Reached * piety under Makhleb
  4940 | D:6      | Reached XP level 10. HP: 70/84 MP: 12/12
  5115 | D:6      | Noticed Maggie
  5131 | D:6      | Killed Maggie
  5198 | D:6      | Found a staircase to the Ecumenical Temple.
  5427 | D:7      | Reached skill level 9 in Maces & Flails
  5488 | D:7      | Noticed a two-headed ogre
  5493 | D:7      | Slain by a two-headed ogre

Illustrated notes

Levels and vault maps discovered:
D:1:      co_arrival_random_square_maze, layout_loops_cross,
          ebering_ecumenical_altar_petrified
D:2:      layout_basic, uniq_sigmund, uniq_crazy_yiuf_cottage, uniq_robin
D:3:      wad_pebble_path, layout_basic, uniq_ijyb
D:4:      layout_basic, portal_sewer_entry_d
D:5:      cheibrodos_fertilizer, layout_loops_ring, makhleb_altar_promises_db,
          minmay_diced_spiral, uniq_menkaure, uniq_duvessa, uniq_eustachio
D:6:      layout_rooms, minmay_temple_entry_gardened_gates, serial_shops,
          shop_scrolls, serial_bayou_pond_c, uniq_maggie, uniq_edmund
D:7:      nzn_winding_woodlands_stair_cross [nzn_winding_woodlands_5x15_garden,
          nzn_winding_woodlands_center_diamonds,
          nzn_winding_woodlands_5x15_pathside_ponds,
          nzn_winding_woodlands_5x5_perimeter,
          nzn_winding_woodlands_5x5_closed_star,
          nzn_winding_woodlands_5x15_cabin,
          nzn_winding_woodlands_center_triple_pond,
          nzn_winding_woodlands_5x15_pool], layout_rooms,
          minmay_misc_feat_enclosed

Skill      XL: |  1  2  3  4  5  6  7  8  9 10 |
---------------+-------------------------------+-----
Maces & Flails | 4 5 6 7 8 9 |  9.1
Armour         | 3 |  3.0
Dodging        | 1 2 3 |  3.5
Fighting       | 4 5 6 7 8 |  8.1
Stealth        | 1 2 |  2.1
Shields        | 3 |  3.9
Invocations    | 2 3 4 |  4.1
Short Blades   | 2 3 |  3.9
Evocations     | 1 3 |  3.4
Throwing       | |  0.7

Action                   |  1- 3 |  4- 6 |  7- 9 | 10-12 || total
-------------------------+-------+-------+-------+-------++-------
Melee: Flail             |   119 |     9 |       |       ||   128
       Tailslap          |    15 |     8 |    32 |     7 ||    62
       Mace              |       |    88 |   183 |    68 ||   339
Throw: Stone             |       |       |    10 |     6 ||    16
       Dart              |       |       |     1 |     2 ||     3
 Abil: Rolling Charge    |    21 |    20 |    40 |     8 ||    89
  Use: Scroll            |       |     3 |     1 |     1 ||     5
       Potion            |       |       |     1 |       ||     1
 Stab: Sleeping          |       |     4 |       |     1 ||     5
Armor: Scale mail        |    21 |       |       |       ||    21
       Robe              |    22 |    24 |    45 |    10 ||   101
       Swamp dragon scal |       |       |       |    15 ||    15
Dodge: Dodged            |    38 |    32 |    55 |    21 ||   146
Block: Buckler           |    19 |    19 |    35 |     5 ||    78
